[Event "Titled Tuesday Blitz April 19 Early 2022"]
[White "Omariev, Maksim"]
[Black "Molina, Roberto Junio Brito"]
[WhiteFideId "4193423"]
[BlackFideId "2109450"]
[WhiteElo "2501"]
[BlackElo "2432"]
[Result "0-1"]
[Round "05"]
[TimeControl "180+1"]
[Date "2022.04.19"]
[WhiteClock "0:00:05"]
[BlackClock "0:00:47"]

1. e4 c6 2. d4 d5 3. exd5 cxd5 4. Bd3 Nc6 5. c3 g6 6. Nf3 Bf5 7. Bxf5 gxf5 8. O-O e6 9. Bf4 Bd6 10. Qd2 Nge7 11. Re1 Ng6 12. Bg5 Qc7 13. Na3 a6 14. Nc2 Bf4 15. Qd3 O-O 16. Bf6 Bh6 17. g3 Rfe8 18. Ne3 Bg7 19. Bxg7 Kxg7 20. Ng2 Rad8 21. Re2 b5 22. a3 Na5 23. Rae1 Nc4 24. h4 h6 25. h5 Nf8 26. Nfh4 Nd6 27. f3 Nh7 28. Qe3 Qe7 29. Qe5+ Qf6 30. Nf4 Qxe5 31. Rxe5 Nf6 32. R5e2 a5 33. Kf2 Rb8 34. Nhg2 b4 35. axb4 axb4 36. Ne3 bxc3 37. bxc3 Rec8 38. Nd1 Rb1 39. Kg2 Ra8 40. Kf2 Raa1 41. Ne3 Rxe1 42. Rxe1 Ra3 43. Rc1 Ra2+ 44. Rc2 Ra4 45. g4 fxg4 46. fxg4 Nfe4+ 47. Ke2 Ra3 48. Kd3 Ra1 49. Rb2 Re1 50. Ne2 Rh1 51. Rb6 Rh3 52. Nf4 Rxe3+ 53. Kxe3 Nc4+ 54. Kf3 Nxb6 55. Nd3 Nc4 56. Nc5 Nxc5 57. dxc5 Ne5+ 58. Kf4 Nc6 59. g5 hxg5+ 60. Kxg5 f6+ 61. Kg4 Kh6 62. Kh4 f5 0-1


[Site "https://www.chess.com"]

[Event "Titled Tuesday Blitz April 19 Early 2022"]
[White "Oparin, Grigoriy"]
[Black "Wagner, Dennis"]
[WhiteFideId "24125890"]
[BlackFideId "24650684"]
[WhiteElo "2665"]
[BlackElo "2355"]
[Result "1-0"]
[Round "05"]
[TimeControl "180+1"]
[Date "2022.04.19"]
[WhiteClock "0:00:37"]
[BlackClock "0:00:08"]

1. g3 d5 2. Nf3 Nf6 3. Bg2 c5 4. c4 e6 5. cxd5 exd5 6. d4 Nc6 7. Nc3 cxd4 8. Nxd4 Bc5 9. Be3 Qb6 10. Na4 Qb4+ 11. Bd2 Qxd4 12. e3 Qe5 13. Nxc5 Qxb2 14. O-O O-O 15. Nd3 Qa3 16. Bc1 Qa5 17. Bb2 d4 18. exd4 Rd8 19. Nf4 Bg4 20. Qd3 Qb6 21. Rab1 Nxd4 22. Bxd4 Qxd4 23. Qxd4 Rxd4 24. Rxb7 Ra4 25. h3 Bf5 26. Rc1 Rxa2 27. g4 Be4 28. Bxe4 Nxe4 29. Rcc7 Nd6 30. Rb4 h6 31. Rd7 a5 32. Rd4 Nb5 33. Re4 a4 34. Ree7 Rf8 35. Ne6 1-0


[Site "https://www.chess.com"]

[Event "Titled Tuesday Blitz April 19 Early 2022"]
[White "Orlov, Georgi"]
[Black "Subaste, Arman"]
[WhiteFideId "2011271"]
[BlackFideId "5221080"]
[WhiteElo "2524"]
[BlackElo "1856"]
[Result "1-0"]
[Round "05"]
[TimeControl "180+1"]
[Date "2022.04.19"]
[WhiteClock "0:00:31"]
[BlackClock "0:00:42"]

1. e4 g6 2. d4 Bg7 3. Nc3 c6 4. Nf3 d5 5. h3 dxe4 6. Nxe4 Nd7 7. Bc4 Ngf6 8. Neg5 Nd5 9. Qe2 N7b6 10. Bb3 O-O 11. h4 h5 12. c4 Nf6 13. c5 Nbd5 14. Ne5 a5 15. a3 a4 16. Bc2 Nc7 17. Be3 Nb5 18. Rd1 Nd5 19. Nc4 Bg4 20. f3 Nxe3 21. Qxe3 Nxd4 22. Be4 Bc8 23. O-O e5 24. Nd6 Qe7 25. Bd3 Be6 26. Nxe6 Nxe6 27. Bc4 Nd4 28. Rxd4 Bf6 29. Re4 Bxh4 30. Rxe5 Qf6 31. f4 b6 32. g3 bxc5 33. Ne4 Qg7 34. gxh4 1-0


[Site "https://www.chess.com"]

[Event "Titled Tuesday Blitz April 19 Early 2022"]
[White "Pacheco Lugo, Alejandro Jose"]
[Black "Dauner, Benedikt"]
[WhiteFideId "3903745"]
[BlackFideId "16225899"]
[WhiteElo "2146"]
[BlackElo "2230"]
[Result "1-0"]
[Round "05"]
[TimeControl "180+1"]
[Date "2022.04.19"]
[WhiteClock "0:00:03"]
[BlackClock "0:00:17"]

1. e4 Nf6 2. e5 Nd5 3. d4 d6 4. Nf3 g6 5. Bc4 Nb6 6. Bb3 Bg7 7. Ng5 e6 8. Qf3 Qe7 9. Ne4 dxe5 10. dxe5 Bxe5 11. Bg5 Qb4+ 12. c3 Qa5 13. Nf6+ Kf8 14. Bh6+ Ke7 15. Ng4 f5 16. Nxe5 Qxe5+ 17. Kf1 Nc6 18. Nd2 Kf7 19. h4 Bd7 20. Re1 Qf6 21. Bg5 Qg7 22. Ne4 h6 23. Bc1 Rhe8 24. Nc5 Ne5 25. Qg3 Bb5+ 26. Kg1 Nec4 27. Qxc7+ Kg8 28. Qxg7+ Kxg7 29. a4 Bc6 30. Nxe6+ Kh7 31. Kh2 Na5 32. Bc2 Bxa4 33. Bxa4 Nxa4 34. Nd4 Nb6 35. h5 Nac4 36. hxg6+ Kxg6 37. Kg3 Rxe1 38. Rxe1 Rd8 39. Re6+ Kf7 40. Rxh6 Rg8+ 41. Kh2 Ne5 42. Rh7+ Kg6 43. Rxb7 Ng4+ 44. Kg3 Nd5 45. f3 Ngf6 46. Kf2 f4 47. Rxa7 Rb8 48. Ra6 Kf7 49. Nc6 Re8 50. Nd4 Re5 51. Ne2 Rf5 52. Ra5 Kg6 53. c4 Nb4 54. Rxf5 Kxf5 55. Nxf4 Nd7 56. g4+ Kf6 57. Bd2 Nc6 58. b4 Nce5 59. c5 Nb8 60. b5 Nc4 61. Be1 Ke7 62. Nd5+ Kd7 63. Ne3 Ne5 64. f4 Nd3+ 65. Ke2 Nxf4+ 66. Kf3 Ne6 67. c6+ Nxc6 68. bxc6+ Kxc6 69. Ke4 Kd7 70. Kf5 Ke7 71. Nd5+ Kf7 72. Nf4 Ng7+ 73. Kg5 Kg8 74. Bc3 Ne8 75. Nh5 Nc7 76. Kg6 Nd5 77. Nf6+ Nxf6 78. Bxf6 Kf8 79. Kh7 Kf7 80. g5 Kf8 81. g6 Ke8 82. g7 Kf7 83. g8=Q+ Kxf6 84. Qe8 Kf5 85. Qe7 Kf4 86. Qe6 Kf3 87. Qe5 Kf2 88. Qe4 Kg3 89. Qf5 Kh4 90. Qg6 Kh3 91. Kh6 Kh2 92. Kh5 Kh3 93. Qg4+ Kh2 94. Kh4 Kh1 95. Qe2 Kg1 96. Kg3 Kh1 97. Qg2# 1-0


[Site "https://www.chess.com"]

[Event "Titled Tuesday Blitz April 19 Early 2022"]
[White "Paravyan, David"]
[Black "Sharafiev, Azat"]
[WhiteFideId "4194985"]
[BlackFideId "4186214"]
[WhiteElo "2569"]
[BlackElo "2299"]
[Result "1-0"]
[Round "05"]
[TimeControl "180+1"]
[Date "2022.04.19"]
[WhiteClock "0:00:08"]
[BlackClock "0:00:16"]

1. e4 c6 2. d4 d5 3. e5 Bf5 4. Nf3 e6 5. Be2 Nd7 6. O-O a6 7. Nbd2 c5 8. c4 Ne7 9. a3 Rc8 10. dxc5 Nxc5 11. b4 Nd3 12. c5 Nf4 13. Nb3 Nxe2+ 14. Qxe2 Nc6 15. Nfd4 Nxd4 16. Nxd4 Be4 17. Bb2 Be7 18. Rac1 O-O 19. Rc3 a5 20. Nb5 axb4 21. axb4 Ra8 22. Nd6 Bg6 23. Rb3 Qd7 24. Bd4 f6 25. Re1 Kh8 26. h3 fxe5 27. Bxe5 Ra4 28. Qd2 b6 29. Qd4 Bf6 30. Qb2 bxc5 31. bxc5 Qc6 32. Rb8 Ra8 33. Rxa8 Rxa8 34. Bxf6 gxf6 35. Qxf6+ Kg8 36. Qxe6+ Kg7 37. Qe5+ Kg8 38. Qe6+ Kg7 39. Nf5+ 1-0


[Site "https://www.chess.com"]

[Event "Titled Tuesday Blitz April 19 Early 2022"]
[White "Pesotskiy, Mikhail"]
[Black "Mika, Tomasz"]
[WhiteFideId "34164453"]
[BlackFideId "1132970"]
[WhiteElo "2010"]
[BlackElo "2116"]
[Result "1-0"]
[Round "05"]
[TimeControl "180+1"]
[Date "2022.04.19"]
[WhiteClock "0:00:16"]
[BlackClock "0:00:08"]

1. d4 d5 2. c4 e6 3. Nc3 c5 4. cxd5 exd5 5. Nf3 Nc6 6. Be3 cxd4 7. Nxd4 Nf6 8. g3 Be7 9. Bg2 O-O 10. O-O Ne5 11. b3 Qa5 12. Rc1 Bb4 13. Rc2 Bxc3 14. Bf4 Nc6 15. Nxc6 bxc6 16. Qc1 Bb4 17. Rxc6 Be6 18. Be5 Nd7 19. Bd4 h6 20. Qa1 Rfc8 21. Rfc1 Rxc6 22. Rxc6 Qb5 23. Rc2 f6 24. a4 Qb7 25. Qc1 Bd6 26. Rc6 Qb8 27. e4 Bf7 28. exd5 Ne5 29. Rc3 Qd8 30. f4 Nd7 31. Rc6 Nb6 32. h3 Rc8 33. Kh2 Rxc6 34. dxc6 Qc7 35. b4 Nc8 36. b5 Ne7 37. a5 h5 38. b6 axb6 39. axb6 Qc8 40. b7 Qc7 41. Ba7 h4 42. b8=Q+ Qxb8 43. Bxb8 hxg3+ 44. Kxg3 Bxb8 45. c7 Bxc7 46. Qxc7 Nf5+ 47. Kh2 Nh6 48. Be4 Kh8 49. Qd8+ Bg8 50. h4 Nf7 51. Qf8 Nh6 52. Bd5 f5 53. Bxg8 1-0


[Site "https://www.chess.com"]

[Event "Titled Tuesday Blitz April 19 Early 2022"]
[White "Petre, Nad-Titus"]
[Black "Todorovic, Bojan"]
[WhiteFideId "1204165"]
[BlackFideId "917087"]
[WhiteElo "2354"]
[BlackElo "2266"]
[Result "1-0"]
[Round "05"]
[TimeControl "180+1"]
[Date "2022.04.19"]
[WhiteClock "0:01:24"]
[BlackClock "0:00:01"]

1. Nf3 Nf6 2. c4 g6 3. b3 Bg7 4. Bb2 O-O 5. e3 c5 6. Be2 b6 7. O-O Bb7 8. d4 d6 9. d5 b5 10. Nbd2 Nbd7 11. Qc2 a5 12. e4 bxc4 13. bxc4 a4 14. Rab1 Qc7 15. h3 Rfb8 16. Bc3 e5 17. dxe6 fxe6 18. e5 Nxe5 19. Bxe5 dxe5 20. Ng5 Qe7 21. Bf3 Bxf3 22. Ngxf3 Nd7 23. Ne4 Rf8 24. Nfd2 Nb8 25. Rb6 Rc8 26. Rfb1 Nc6 27. Rb7 Rc7 28. Rxc7 Qxc7 29. Nxc5 Nd4 30. Qe4 Rf8 31. Nd3 Bh6 32. Rb7 Qc8 33. Nf3 Nxf3+ 34. gxf3 Bf4 35. c5 Qd8 36. c6 Qh4 37. Kf1 Qxh3+ 38. Ke2 Qg2 39. c7 Bg3 40. Qe3 1-0


[Site "https://www.chess.com"]

[Event "Titled Tuesday Blitz April 19 Early 2022"]
[White "Petrova, Irina"]
[Black "Mikhalsky, Vladimir"]
[WhiteFideId "14124122"]
[BlackFideId "14144352"]
[WhiteElo "1993"]
[BlackElo "2301"]
[Result "0-1"]
[Round "05"]
[TimeControl "180+1"]
[Date "2022.04.19"]
[WhiteClock "0:00:10"]
[BlackClock "0:00:17"]

1. e4 c5 2. Nf3 Nc6 3. Bb5 g6 4. Bxc6 dxc6 5. d3 Bg7 6. Nc3 e5 7. Be3 b6 8. h3 Ne7 9. Qd2 f6 10. Nh2 Be6 11. f4 exf4 12. Bxf4 g5 13. Bg3 Qd7 14. a4 h6 15. a5 O-O 16. O-O f5 17. exf5 Nxf5 18. Bf2 Nd4 19. axb6 axb6 20. Rxa8 Rxa8 21. Ne4 Rf8 22. c3 Nb3 23. Qd1 Bd5 24. Ng4 Kh8 25. Bg3 Rxf1+ 26. Qxf1 c4 27. Nef6 Qe6 28. Nxd5 cxd5 29. dxc4 dxc4 30. Qd1 Nc5 31. Qd8+ Kh7 32. Kh2 Ne4 33. Bc7 h5 34. Ne3 Nc5 35. Nd5 Nd7 36. Nxb6 Nxb6 37. Bxb6 Qe5+ 38. Kg1 Qe1+ 39. Kh2 Be5+ 0-1


[Site "https://www.chess.com"]

[Event "Titled Tuesday Blitz April 19 Early 2022"]
[White "Petrovic, Aleksa"]
[Black "Csonka, Balazs"]
[WhiteFideId "967629"]
[BlackFideId "742910"]
[WhiteElo "2198"]
[BlackElo "2404"]
[Result "0-1"]
[Round "05"]
[TimeControl "180+1"]
[Date "2022.04.19"]
[WhiteClock "0:01:02"]
[BlackClock "0:00:59"]

1. d4 d5 2. c4 e6 3. Nf3 Nf6 4. Nc3 Bb4 5. Qa4+ Nc6 6. e3 O-O 7. Qc2 Re8 8. Bd2 a6 9. O-O-O Bf8 10. Ne5 Nb4 11. Qb3 dxc4 12. Bxc4 b5 13. Be2 Bb7 14. a3 Nbd5 15. f3 c5 16. dxc5 Bxc5 17. e4 Ne3 18. Bxe3 Bxe3+ 19. Kb1 Qc7 20. Nd3 Red8 21. Nb4 Rxd1+ 22. Bxd1 Rd8 23. Nxb5 Qc1+ 24. Ka2 axb5 0-1


[Site "https://www.chess.com"]

[Event "Titled Tuesday Blitz April 19 Early 2022"]
[White "Petrovskyi, Vadym"]
[Black "Pranav, V"]
[WhiteFideId "14165210"]
[BlackFideId "25060783"]
[WhiteElo "2400"]
[BlackElo "2349"]
[Result "0-1"]
[Round "05"]
[TimeControl "180+1"]
[Date "2022.04.19"]
[WhiteClock "0:00:15"]
[BlackClock "0:00:23"]

1. e4 e5 2. Nf3 Nc6 3. d4 exd4 4. Bc4 Nf6 5. e5 d5 6. Bb5 Ne4 7. Nxd4 Bd7 8. Bxc6 bxc6 9. O-O Bc5 10. f3 Ng5 11. f4 Ne4 12. Be3 Bb6 13. Nd2 c5 14. N4f3 Nxd2 15. Qxd2 d4 16. Bf2 Bc6 17. f5 Qd5 18. Bh4 Kd7 19. b3 Kc8 20. c4 Qe4 21. Qg5 Kb7 22. Rae1 Qd3 23. e6 f6 24. Qf4 Rhg8 25. Bg3 Rae8 26. e7 g6 27. fxg6 Rxg6 28. Re6 Ba5 29. Rxf6 Rxf6 30. Qxf6 Qe3+ 31. Kh1 Qxe7 32. Qf4 Qe2 33. Rg1 d3 34. a3 d2 35. Nxd2 Qxd2 36. Qf7 Re2 37. Qf1 Bc3 38. h3 Qe3 39. Qf4 Qxf4 40. Bxf4 Bd4 0-1


[Site "https://www.chess.com"]

[Event "Titled Tuesday Blitz April 19 Early 2022"]
[White "Piliczewski, Bogusz"]
[Black "Thomas, Anysia"]
[WhiteFideId "1104144"]
[BlackFideId "670472"]
[WhiteElo "1896"]
[BlackElo "2002"]
[Result "1-0"]
[Round "05"]
[TimeControl "180+1"]
[Date "2022.04.19"]
[WhiteClock "0:00:04"]
[BlackClock "0:00:06"]

1. d4 Nf6 2. Nf3 g6 3. Bf4 Bg7 4. e3 O-O 5. Be2 d6 6. h3 b6 7. O-O Bb7 8. c4 d5 9. Nc3 Nbd7 10. cxd5 Nxd5 11. Nxd5 Bxd5 12. Qc2 Rc8 13. Ba6 Bxf3 14. gxf3 c5 15. Bxc8 Qxc8 16. Rac1 e5 17. Bg3 exd4 18. exd4 Bxd4 19. Rfd1 Bg7 20. Kg2 Ne5 21. Qe4 Nc6 22. Rc2 Nd4 23. Rc4 Re8 24. Qd5 Rd8 25. Qe4 f5 26. Qe3 Qc6 27. Rd3 Qd5 28. Rcc3 Qf7 29. Be5 Re8 30. f4 g5 31. Rxd4 cxd4 32. Qxd4 gxf4 33. Bxg7 Qxg7+ 34. Qxg7+ Kxg7 35. Rc7+ Kg6 36. Rxa7 Re2 37. b3 Rc2 38. Ra6 Rc6 39. b4 Kg5 40. b5 f3+ 41. Kxf3 Rc3+ 42. Kg2 Rc2 43. a4 Rb2 44. Rxb6 Kf4 45. Ra6 h5 46. b6 h4 47. a5 Rb5 48. Ra7 Ke4 49. b7 f4 50. a6 f3+ 51. Kh2 Rb2 52. Kg1 Rb1+ 53. Kh2 Rb2 54. Ra8 Rxf2+ 55. Kg1 Ra2 56. Re8+ Kf4 57. b8=Q+ Kg5 58. Rg8+ Kf5 59. Qf8+ Ke4 60. Rg4+ Ke3 61. Qe7+ Kd2 62. Rd4+ Kc1 63. Qc5+ Rc2 64. Rc4 1-0


[Site "https://www.chess.com"]

[Event "Titled Tuesday Blitz April 19 Early 2022"]
[White "Plazuelo Pascual, Juan"]
[Black "Stelmaszyk, Nico"]
[WhiteFideId "32059566"]
[BlackFideId "16200462"]
[WhiteElo "2359"]
[BlackElo "2119"]
[Result "1/2-1/2"]
[Round "05"]
[TimeControl "180+1"]
[Date "2022.04.19"]
[WhiteClock "0:00:05"]
[BlackClock "0:00:51"]

1. d4 d5 2. c4 e6 3. Nc3 c5 4. cxd5 exd5 5. Nf3 Nc6 6. g3 c4 7. Bg2 Bb4 8. O-O Nge7 9. e4 O-O 10. exd5 Nxd5 11. Bd2 Bg4 12. h3 Bh5 13. g4 Bxc3 14. bxc3 Bg6 15. Qa4 Bd3 16. Rfe1 a6 17. Qa3 b5 18. Ne5 Nxe5 19. Rxe5 Nf6 20. Bxa8 Qxa8 21. Rae1 Ne4 22. Bf4 f6 23. Re7 g5 24. Bc1 f5 25. Re6 Nxf2 26. Kxf2 fxg4+ 27. Kg1 Qf3 28. Qxf8+ Kxf8 29. Re8+ Kf7 30. R8e7+ Kf8 31. Re8+ Kf7 32. R8e7+ Kf8 33. Re8+ 1/2-1/2


[Site "https://www.chess.com"]

[Event "Titled Tuesday Blitz April 19 Early 2022"]
[White "Polster, Christian"]
[Black "Pinheiro, Iung Alicio de O."]
[WhiteFideId "12965081"]
[BlackFideId "2104350"]
[WhiteElo "2323"]
[BlackElo "2558"]
[Result "1/2-1/2"]
[Round "05"]
[TimeControl "180+1"]
[Date "2022.04.19"]
[WhiteClock "0:00:09"]
[BlackClock "0:00:15"]

1. e4 c5 2. Nc3 a6 3. g3 b5 4. Bg2 Bb7 5. Nge2 e6 6. O-O d6 7. d4 cxd4 8. Nxd4 Nf6 9. Re1 Nc6 10. e5 Nxd4 11. Bxb7 dxe5 12. Rxe5 Ra7 13. Bg2 Rd7 14. Bg5 Be7 15. Re3 h6 16. Bf4 O-O 17. Rd3 b4 18. Ne4 Nxe4 19. Bxe4 Bg5 20. Bxg5 hxg5 21. c3 bxc3 22. bxc3 f5 23. Bg2 Ne2+ 24. Qxe2 Rxd3 25. Qxe6+ Kh8 26. c4 Rd1+ 27. Rxd1 Qxd1+ 28. Bf1 Qd8 29. Kg2 Qf6 30. Qe2 Qc6+ 31. Kg1 Rc8 32. h3 Kg8 33. Qe3 Qf6 34. Qa7 Rf8 35. Bg2 f4 36. Bd5+ Kh8 37. g4 f3 38. Qc7 Qa1+ 39. Kh2 Qf1 40. Qg3 Qe2 41. h4 Qe7 42. hxg5 Qxg5 43. Qh3+ Qh6 44. Qxh6+ gxh6 45. Kg3 Kg7 46. Bxf3 Rc8 47. Bd5 Kf6 48. f4 a5 49. Kh4 Rb8 50. g5+ hxg5+ 51. fxg5+ Kf5 52. Kg3 Rb1 53. c5 Rg1+ 54. Kf2 Rc1 55. c6 Kxg5 56. Ke3 Kf6 57. Kd4 Ke7 58. Bb3 Kd6 59. Ba4 Ra1 60. Bb3 Rc1 61. Ba4 Rh1 62. Kc4 Rh4+ 63. Kb5 Rh5+ 64. Kb6 Rh1 65. c7 Rb1+ 66. Bb3 Rc1 67. Kxa5 Rxc7 68. Kb4 Kc6 69. a4 Kb6 70. Bc4 Ra7 71. Bb5 Ra8 72. Bc4 Rc8 73. a5+ Ka7 74. a6 Rb8+ 75. Kc3 Rb1 76. Bd3 Rc1+ 77. Kd2 Rc7 78. Ke3 Kb6 79. Kd4 Rd7+ 80. Ke3 Kc5 81. Be4 Re7 82. Kf4 Kd4 83. Bb7 Rf7+ 84. Kg5 Rf1 85. a7 Rg1+ 86. Kf6 Ra1 87. a8=Q Rxa8 88. Bxa8 1/2-1/2


[Site "https://www.chess.com"]

[Event "Titled Tuesday Blitz April 19 Early 2022"]
[White "Przybylski, Wojciech"]
[Black "Friedel, Tom"]
[WhiteFideId "1117599"]
[BlackFideId "2002108"]
[WhiteElo "2133"]
[BlackElo "2310"]
[Result "1/2-1/2"]
[Round "05"]
[TimeControl "180+1"]
[Date "2022.04.19"]
[WhiteClock "0:00:12"]
[BlackClock "0:00:11"]

1. d4 d5 2. c4 e6 3. Nf3 Nf6 4. Nc3 Nbd7 5. g3 Be7 6. Bg2 O-O 7. O-O dxc4 8. e4 Nb6 9. Qe2 Bd7 10. a4 a5 11. Ne5 Bc6 12. Nxc4 Nxc4 13. Qxc4 Bb4 14. Re1 h6 15. b3 Rc8 16. Bb2 Qe7 17. Rad1 Rfd8 18. h3 Qf8 19. Kh2 h5 20. Re3 Ba3 21. Ba1 Bb4 22. Nb5 Qe8 23. Na7 Ra8 24. Nxc6 bxc6 25. Bb2 Rab8 26. Qc2 Qf8 27. Qxc6 h4 28. d5 exd5 29. Bxf6 Rd6 30. Qxc7 Rxf6 31. Re2 Bd6 32. Qc3 Rxf2 33. Rxf2 hxg3+ 34. Kh1 gxf2 35. e5 Bb4 36. Qg3 Qc5 37. Bxd5 Qxd5+ 38. Rxd5 f1=Q+ 39. Kh2 Qe2+ 40. Qg2 Qxg2+ 41. Kxg2 Re8 42. Kf3 Re6 43. Kf4 Kh7 44. Kf5 g6+ 45. Kf4 Be7 46. Rd7 Kg7 47. Ra7 Bb4 48. h4 Kg8 49. Rc7 Kg7 50. Ra7 Rb6 51. Ke4 Re6 52. Kf4 1/2-1/2


[Site "https://www.chess.com"]

[Event "Titled Tuesday Blitz April 19 Early 2022"]
[White "Quirke, Jeffrey"]
[Black "Constantinou, Peter"]
[WhiteFideId "2013029"]
[BlackFideId "413038"]
[WhiteElo "2187"]
[BlackElo "2230"]
[Result "0-1"]
[Round "05"]
[TimeControl "180+1"]
[Date "2022.04.19"]
[WhiteClock "0:00:04"]
[BlackClock "0:00:11"]

1. d4 g6 2. e4 Bg7 3. Nc3 d6 4. Nf3 Nf6 5. Be2 O-O 6. O-O a6 7. a4 Nc6 8. d5 Nb8 9. Bg5 Bg4 10. h3 Bxf3 11. Bxf3 c5 12. Re1 Nbd7 13. Be2 h6 14. Bh4 Re8 15. Bf1 e6 16. dxe6 Rxe6 17. Qd2 g5 18. Bg3 Ne5 19. Rad1 Qe7 20. f3 Nh5 21. Nd5 Qe8 22. Bf2 Rc8 23. b3 Nc6 24. Kh1 Be5 25. Bc4 Rg6 26. Ne3 Ng3+ 27. Kg1 Nd4 28. Ng4 Bf4 29. Qd3 b5 30. axb5 axb5 31. Bd5 h5 32. Ne3 h4 33. Nf5 Ne6 34. c3 Rf6 35. Bxg3 hxg3 36. Bxe6 Rxe6 37. Ne3 Bxe3+ 38. Qxe3 f6 39. Qd3 Re5 40. c4 bxc4 41. bxc4 Rc6 42. Rb1 Ra6 43. Red1 Kg7 44. Qd2 Qa4 45. Qe1 Qxc4 46. Qxg3 Qe2 47. Kh2 Kg6 48. Qg4 c4 49. Rdc1 Ra2 50. Rb7 d5 51. Rcb1 c3 52. Rh7 Qxg2+ 53. Qxg2 Rxg2+ 54. Kxg2 Kxh7 55. exd5 Rxd5 56. Rc1 Rd2+ 57. Kg3 c2 58. f4 Kg6 59. fxg5 Kxg5 60. Kf3 Kh4 61. Ke3 Rh2 62. Kd3 Kxh3 63. Rxc2 Rxc2 64. Kxc2 f5 65. Kd2 f4 66. Ke2 Kg2 67. Ke1 f3 0-1


[Site "https://www.chess.com"]

[Event "Titled Tuesday Blitz April 19 Early 2022"]
[White "Reprintsev, Alexander"]
[Black "Redor, Menandro"]
[WhiteFideId "14100541"]
[BlackFideId "5222010"]
[WhiteElo "2108"]
[BlackElo "1986"]
[Result "1-0"]
[Round "05"]
[TimeControl "180+1"]
[Date "2022.04.19"]
[WhiteClock "0:00:24"]
[BlackClock "0:00:08"]

1. e4 c6 2. Nc3 d5 3. Nf3 Bg4 4. h3 Bxf3 5. Qxf3 e6 6. b3 Nd7 7. Bb2 Ngf6 8. exd5 cxd5 9. g4 h6 10. h4 Ne5 11. Bb5+ Nc6 12. g5 hxg5 13. hxg5 Rxh1+ 14. Qxh1 Nd7 15. g6 fxg6 16. O-O-O Qf6 17. Nxd5 Qe5 18. Bxe5 exd5 19. Bc7 Nd4 20. Re1+ Be7 21. Bxd7+ Kxd7 22. Qxd5+ Kxc7 23. Rxe7+ 1-0


[Site "https://www.chess.com"]

[Event "Titled Tuesday Blitz April 19 Early 2022"]
[White "Richter, Nils"]
[Black "Omelja, Artem"]
[WhiteFideId "12990809"]
[BlackFideId "14119846"]
[WhiteElo "2243"]
[BlackElo "2382"]
[Result "1-0"]
[Round "05"]
[TimeControl "180+1"]
[Date "2022.04.19"]
[WhiteClock "0:00:20"]
[BlackClock "0:00:02"]

1. d4 d5 2. c4 c6 3. Nc3 e6 4. e3 Nf6 5. Nf3 Nbd7 6. Qc2 Bd6 7. Be2 O-O 8. O-O dxc4 9. a4 e5 10. Bxc4 exd4 11. Nxd4 Ne5 12. Be2 Nfg4 13. h3 Nf6 14. Rd1 Qc7 15. Bd2 h6 16. Be1 a6 17. Rac1 Rd8 18. Nf5 Bf8 19. Rxd8 Qxd8 20. Rd1 Qc7 21. Ne4 Nxe4 22. Qxe4 Be6 23. Bc3 Ng6 24. Bh5 Re8 25. Nxh6+ Kh7 26. Ng4 Qc8 27. Ne5 Bf5 28. Qf3 Nxe5 29. Bxe5 Rxe5 30. Bxf7 Be4 31. Qg3 Qf5 32. Bb3 Be7 33. f3 1-0


[Site "https://www.chess.com"]

[Event "Titled Tuesday Blitz April 19 Early 2022"]
[White "Rom, Jasper"]
[Black "Derjabin, Ilja"]
[WhiteFideId "2023733"]
[BlackFideId "14104768"]
[WhiteElo "2233"]
[BlackElo "2341"]
[Result "1-0"]
[Round "05"]
[TimeControl "180+1"]
[Date "2022.04.19"]
[WhiteClock "0:00:12"]
[BlackClock "0:00:19"]

1. e4 c5 2. Nc3 e6 3. f4 d5 4. Nf3 d4 5. Nb1 Nc6 6. d3 f5 7. Nbd2 Nf6 8. g3 Ng4 9. Nb3 fxe4 10. dxe4 Be7 11. Bg2 O-O 12. O-O Ne3 13. Bxe3 dxe3 14. c3 Qxd1 15. Rfxd1 a5 16. a4 c4 17. Nbd4 Nxd4 18. Nxd4 Ra6 19. Nb5 Bc5 20. Kh1 e5 21. f5 g6 22. g4 gxf5 23. exf5 Bxf5 24. gxf5 Rxf5 25. Rd8+ Kg7 26. Rd7+ Kf6 27. Nc7 e2 28. Nxa6 bxa6 29. Re1 Rf2 30. Rd2 Rf4 31. Rdxe2 Bd6 32. Rf1 1-0


[Site "https://www.chess.com"]

[Event "Titled Tuesday Blitz April 19 Early 2022"]
[White "Rottenwohrer Suarez, Juan"]
[Black "Janaszak, Dawid"]
[WhiteFideId "32068182"]
[BlackFideId "1119206"]
[WhiteElo "2158"]
[BlackElo "2199"]
[Result "0-1"]
[Round "05"]
[TimeControl "180+1"]
[Date "2022.04.19"]
[WhiteClock "0:00:03"]
[BlackClock "0:00:25"]

1. d4 Nf6 2. c4 g6 3. g3 Bg7 4. Bg2 O-O 5. Nc3 d6 6. Nf3 c5 7. d5 e6 8. O-O Re8 9. Bf4 exd5 10. cxd5 a6 11. a4 Ne4 12. Rc1 Nxc3 13. bxc3 Bg4 14. h3 Bxf3 15. Bxf3 Be5 16. Bh6 Nd7 17. c4 Qf6 18. h4 Rab8 19. Rb1 Bd4 20. Bg5 Qg7 21. Bf4 Ne5 22. Bxe5 Qxe5 23. Kg2 Qe7 24. e3 Bg7 25. h5 Qg5 26. Rh1 Be5 27. Qd3 f5 28. Rh3 Bg7 29. Rbh1 Re7 30. Qb3 b6 31. Qb1 Qf6 32. hxg6 hxg6 33. g4 Rf7 34. gxf5 Qxf5 35. Qxf5 gxf5 36. Bh5 Rf6 37. f4 b5 38. axb5 axb5 39. Rb1 b4 40. Kf3 Rh6 41. e4 fxe4+ 42. Kxe4 Kf8 43. Bg4 Rxh3 44. Bxh3 b3 45. Be6 b2 46. f5 Bf6 47. Kd3 Rb3+ 48. Kd2 Rf3 49. Rg1 Rf2+ 50. Kd3 Ke7 51. Rb1 Rf4 52. Rd1 Rd4+ 0-1


[Site "https://www.chess.com"]

[Event "Titled Tuesday Blitz April 19 Early 2022"]
[White "Rozman, Levy"]
[Black "Demchenko, Anton"]
[WhiteFideId "2039877"]
[BlackFideId "4160258"]
[WhiteElo "2376"]
[BlackElo "2539"]
[Result "0-1"]
[Round "05"]
[TimeControl "180+1"]
[Date "2022.04.19"]
[WhiteClock "0:02:18"]
[BlackClock "0:02:21"]

1. d4 Nf6 2. Nc3 d5 3. Bf4 a6 4. f3 c5 5. e4 cxd4 6. Qxd4 Nc6 7. Qd2 d4 8. Nce2 e5 9. Bg5 h6 10. Bh4 Nxe4 0-1


[Site "https://www.chess.com"]

[Event "Titled Tuesday Blitz April 19 Early 2022"]
[White "Rustemov, Alexander"]
[Black "Avramidou, Anastasia"]
[WhiteFideId "4119002"]
[BlackFideId "4239873"]
[WhiteElo "2775"]
[BlackElo "2183"]
[Result "1-0"]
[Round "05"]
[TimeControl "180+1"]
[Date "2022.04.19"]
[WhiteClock "0:00:45"]
[BlackClock "0:00:05"]

1. d4 Nf6 2. c4 e6 3. Nf3 d5 4. Nc3 a6 5. cxd5 exd5 6. Bg5 Be7 7. e3 O-O 8. Bd3 Re8 9. Qc2 h6 10. Bh4 c6 11. O-O Bg4 12. Ne5 Nbd7 13. f4 Rc8 14. h3 Bh5 15. g4 Nxe5 16. fxe5 Nxg4 17. hxg4 Bxh4 18. gxh5 Qg5+ 19. Kh1 Qxe3 20. Rad1 f6 21. Bf5 Rcd8 22. e6 Qg3 23. Qg2 Qxg2+ 24. Kxg2 Bg5 25. Kf3 Kf8 26. b4 Ke7 27. a4 Kd6 28. Rb1 Ra8 29. Ke2 Re7 30. Kd3 Ree8 31. Rb3 Re7 32. Rfb1 Rc7 33. Ne2 Rcc8 34. Rf1 Rc7 35. Nf4 Re7 36. Ng6 Rc7 37. e7 Re8 38. Re1 b5 39. a5 Ra7 40. Re6+ Kc7 41. Rc3 Kb7 42. Rcxc6 Raa8 43. Rb6+ Ka7 44. Rxa6+ Kb7 45. Reb6+ Kc7 46. Rc6+ Kb7 47. Rab6+ Ka7 48. Rc7# 1-0


[Site "https://www.chess.com"]

[Event "Titled Tuesday Blitz April 19 Early 2022"]
[White "Samant Aditya S"]
[Black "Mikhailovsky, Vladimir"]
[WhiteFideId "35080580"]
[BlackFideId "34105414"]
[WhiteElo "1916"]
[BlackElo "2349"]
[Result "0-1"]
[Round "05"]
[TimeControl "180+1"]
[Date "2022.04.19"]
[WhiteClock "0:00:06"]
[BlackClock "0:00:12"]

1. e4 Nf6 2. e5 Nd5 3. d4 d6 4. Nf3 dxe5 5. Nxe5 c6 6. Be2 Bf5 7. O-O Nd7 8. Nf3 e6 9. c4 N5f6 10. Nc3 Bd6 11. Bg5 O-O 12. Re1 Qc7 13. Bh4 Ne4 14. Nxe4 Bxe4 15. Bg3 Bxg3 16. hxg3 Rfd8 17. Qb3 c5 18. Rad1 Rac8 19. Qe3 Bg6 20. b3 b6 21. Rd2 Nf6 22. dxc5 Rxd2 23. Nxd2 bxc5 24. Nf3 Rd8 25. Rd1 Rxd1+ 26. Bxd1 h6 27. Ne5 Bb1 28. a4 Qd6 29. Bf3 a5 30. Nc6 Be4 31. Nxa5 Qd8 32. Qxc5 Qd2 33. Qe3 Qc2 34. Bxe4 Qd1+ 0-1


[Site "https://www.chess.com"]